 Dungeon Crawl Stone Soup version 0.29.0-4-gdea44cf6ec (webtiles) character file.

Game seed: 10119615832911918082

391 qw the Chopper (level 6, -2/37 HPs)
             Began as a Tengu Warper on Aug 28, 2022.
             Slain by a gnoll
             ... wielding a +0 flail
              (6 damage)
             ... on level 4 of the Dungeon.
             The game lasted 00:00:26 (3952 turns).

qw the Chopper (Tengu Warper)                       Turns: 3952, Time: 00:00:27

Health: -2/37      AC:  6    Str: 14    XL:     6   Next: 80%
Magic:  0/10       EV: 11    Int: 13    God:
Gold:   116        SH:  0    Dex: 13    Spells: 9/9 levels left

rFire   + . .      SeeInvis .   Y - +0 hand axe
rCold   . . .      Faith    .   (no shield)
rNeg    . . .      Spirit   +   f - +0 scale mail
rPois   .          Reflect  .   (helmet restricted)
rElec   .          Harm     .   (no cloak)
rCorr   .          Rampage  .   (no gloves)
Will    .....                   (boots unavailable)
Stlth   ..........              b - amulet of guardian spirit
HPRegen 0.12/turn               k - ring of protection from fire
MPRegen 0.12/turn               (no ring)

@: flying quickly and evasively, quick
A: beak, talons 3, nimble flight
a: no special abilities


You were on level 4 of the Dungeon.
You visited 1 branch of the dungeon, and saw 4 of its levels.

You collected 154 gold pieces.
You spent 38 gold pieces at shops.


Innate Abilities, Weirdness & Mutations

You have a beak for a mouth.
You have claws for feet.
Your magical nature lets you fly swiftly and evasively.


   Skills:
 - Level 3.1 Fighting
 + Level 7.2 Axes
 - Level 1.0 Throwing
 - Level 1.1 Armour
 - Level 2.1 Dodging
 - Level 2.0 Spellcasting
 - Level 2.4 Translocations


You had 9 spell levels left.
You didn't know any spells.
Your spell library contained the following spells:

 Spells                   Type           Power      Damage    Failure   Level
 Blink                    Tloc           14%        N/A       54%         2
 Gell's Gravitas          Tloc           7%         N/A       77%         3
 Lesser Beckoning         Tloc           7%         N/A       77%         3
 Teleport Other           Tloc           7%         N/A       77%         3
 Manifold Assault         Tloc           7%         N/A       100%        5

Inventory:

Hand Weapons
 d - a +0 flail
 Y - a +0 hand axe (weapon)
Missiles
 e - 2 javelins (quivered)
Armour
 f - a +0 scale mail (worn)
Jewellery
 b - an amulet of guardian spirit (around neck)
 k - a ring of protection from fire (left hand)
Scrolls
 a - 2 scrolls of identify
 c - a scroll of fear {unknown}
Potions
 j - a potion of might

Dungeon Overview and Level Annotations

Branches:
Dungeon (4/15)
 Temple: D:4-7

Altars:
Kikubaaqudgha

Shops:
D:4 (


Message History

You hit the orc wizard.
You peck the orc wizard, but do no damage.
The orc wizard is severely wounded.
The orc wizard casts a spell at you. The puff of flame hits you. You resist.
The orc priest calls down the wrath of Beogh upon you.
Pain shoots through your body!
You hit the orc wizard. You claw the orc wizard.
You kill the orc wizard!
Your Fighting skill increases to level 3!
You hit the orc priest.
You peck the orc priest, but do no damage.
The orc priest is lightly wounded.
You hit the gnoll but do no damage. The orc priest barely misses you.
You hit the orc priest. You claw the orc priest.
The orc priest is heavily wounded.
You barely miss the gnoll.
The gnoll hits you from afar with a +0 halberd.
The orc priest mumbles some strange prayers to Beogh against you.
You barely resist.
You hit the orc priest but do no damage.
The orc priest is heavily wounded.
You hit the gnoll but do no damage. The gnoll closely misses you.
The orc priest hits you with a +0 mace. The gnoll hits you with a +0 club!
You hit the orc priest but do no damage.
Your kick misses the orc priest.
The orc priest is heavily wounded.
You closely miss the gnoll. The gnoll misses you.
The orc priest barely misses you.
An orc priest comes into view. It is wielding a +0 whip.
The orc priest shouts!
You hit the orc priest but do no damage.
The orc priest is heavily wounded.
You hit the gnoll. You completely miss the gnoll.
The gnoll hits you from afar with a +0 halberd!
The orc priest closely misses you. The gnoll hits you with a +0 club.
The gnoll hits you with a +0 flail!
You die...

# #. ....~~......
.##. ..~~..~.....
.... ~~....~.....
#..# ...}~~......
#..# ..~~}.......#
#..# .~....~~....#
#..#
.~..~~..~...###.g###
..~~....~....#.o@g.#
......~~.......###g#
.....~~......o## ..
#~~~~~~###....## ...
##~~~~####.....# ..(
.######...[##..## ..
)...>##.###....... #
...............####
...............#


You could see 2 orc priests and 3 gnolls.

Vanquished Creatures
  A scorpion (D:4)
  A bullfrog (D:4)
  A hound (D:4)
  An orc priest (D:4)
  An iguana (D:3)
  An orc wizard (D:4)
  A gnoll (D:4)
  4 adders
  7 dart slugs
  10 orcs (D:4)
  7 ball pythons
  5 endoplasms
  6 giant cockroaches
  7 goblins
  5 hobgoblins
  6 jackals
  9 kobolds
  2 quokkas
  7 bats
  4 frilled lizards (D:3)
  5 rats
91 creatures vanquished.

Vanquished Creatures (others)
  A fungus (D:2)
  A plant (D:2)
2 creatures vanquished.

Grand Total: 93 creatures vanquished

Notes
Turn   | Place    | Note
-------+----------+-------------------------------------------
     0 | D:1      | qw the Tengu Warper began the quest for the Orb.
     0 | D:1      | Reached XP level 1. HP: 12/12 MP: 4/4
     0 | D:1      | 0 ||| qw: Version: 0.1-a-89-g26bdef1
     0 | D:1      | 0 ||| qw: Game counter: 1301
     0 | D:1      | 0 ||| qw: Always use a shield: true
     0 | D:1      | 0 ||| qw: God list: Okawaru
     0 | D:1      | 0 ||| qw: Allow faded altars: false
     0 | D:1      | 0 ||| qw: Do Orc after D:15 true
     0 | D:1      | 0 ||| qw: Do second Lair branch before Depths: true
     0 | D:1      | 0 ||| qw: Lair rune preference: random
     0 | D:1      | 0 ||| qw: Plans: Normal
     0 | D:1      | 0 ||| PLANNING D:1-11
   177 | D:1      | Reached skill level 3 in Axes
   177 | D:1      | Reached XP level 2. HP: 17/17 MP: 6/6
   913 | D:1      | Reached XP level 3. HP: 8/21 MP: 7/7
  1343 | D:1      | 1343 ||| UPGRADING to +0 ring mail.
  1353 | D:1      | 1353 ||| DROPPING +0 leather armour.
  1354 | D:1      | 1354 ||| READING scroll labelled XIDAAC ZUCOORA.
  1355 | D:1      | 1355 ||| DROPPING scroll of blinking.
  1433 | D:2      | 1433 ||| Stepping ~*~*~tactically~*~*~ (hiding).
  1541 | D:2      | Reached skill level 4 in Axes
  1598 | D:2      | Found a faded altar of an unknown god.
  1890 | D:2      | Reached XP level 4. HP: 25/26 MP: 8/8
  2080 | D:2      | 2080 ||| DROPPING +1 robe of willpower.
  2081 | D:2      | 2081 ||| UPGRADING to ring of protection from fire.
  2082 | D:2      | 2082 ||| READING 2 scrolls labelled SOCRUSM IHYSHRI.
  2083 | D:2      | 2083 ||| READING scroll labelled NEQEAH MOEKU.
  2084 | D:2      | 2084 ||| DRINKING 3 silvery potions.
  2085 | D:2      | 2085 ||| DRINKING 2 viscous puce potions.
  2116 | D:2      | 2116 ||| DRINKING 2 ruby potions.
  2117 | D:2      | 2117 ||| DROPPING 2 potions of attraction.
  2118 | D:2      | 2118 ||| DROPPING potion of lignification.
  2224 | D:3      | Found an ancient bone altar of Kikubaaqudgha.
  2244 | D:3      | 2244 ||| Stepping ~*~*~tactically~*~*~ (hiding).
  2648 | D:3      | Reached skill level 5 in Axes
  2734 | D:3      | 2734 ||| Stepping ~*~*~tactically~*~*~ (stealth).
  2778 | D:3      | 2778 ||| Stepping ~*~*~tactically~*~*~ (stealth).
  2967 | D:3      | Gained mutation: Your magical nature lets you fly swiftly
                  | and evasively. [Tengu growth]
  2967 | D:3      | Reached XP level 5. HP: 30/30 MP: 9/9
  3170 | D:3      | 3170 ||| UPGRADING to amulet of guardian spirit.
  3175 | D:3      | 3175 ||| READING scroll labelled NAFEHE LALEONU.
  3180 | D:3      | 3180 ||| READING scroll labelled FODGHE DIZEXT.
  3181 | D:3      | 3181 ||| READING scroll labelled HOIM DUTO RODO.
  3182 | D:3      | 3182 ||| DRINKING 2 pink potions.
  3183 | D:3      | 3183 ||| READING 3 scrolls of identify.
  3183 | D:3      | 3183 ||| IDENTIFYING metallic red potion
  3184 | D:3      | 3184 ||| READING 2 scrolls of identify.
  3184 | D:3      | 3184 ||| IDENTIFYING sapphire potion
  3185 | D:3      | 3185 ||| DROPPING potion of berserk rage.
  3208 | D:4      | HP: 6/30 [poisoned by a scorpion]
  3209 | D:4      | 3209 ||| DRINKING potion of heal wounds.
  3215 | D:4      | Reached skill level 6 in Axes
  3215 | D:4      | 3215 ||| DRINKING potion of curing.
  3215 | D:4      | 3215 ||| (to cure poison)
  3338 | D:4      | Found Foacaat's Weapon Boutique.
  3346 | D:4      | 3346 ||| BUYING +0 flail (38 gold).
  3346 | D:4      | Bought a +0 flail for 38 gold pieces
  3346 | D:4      | 3346 ||| DROPPING +0 mace.
  3351 | D:4      | 3351 ||| Stepping ~*~*~tactically~*~*~ (hiding).
  3361 | D:4      | Reached XP level 6. HP: 34/35 MP: 10/10
  3400 | D:4      | 3400 ||| Stepping ~*~*~tactically~*~*~ (hiding).
  3433 | D:4      | Reached skill level 7 in Axes
  3439 | D:4      | 3439 ||| FLEEEEING.
  3440 | D:4      | 3440 ||| FLEEEEING.
  3442 | D:4      | 3442 ||| STAIRDANCE
  3507 | D:3      | 3507 ||| UPGRADING to +0 scale mail.
  3517 | D:3      | 3517 ||| DROPPING +0 ring mail.
  3541 | D:4      | 3541 ||| Stepping ~*~*~tactically~*~*~ (hiding).
  3542 | D:4      | 3542 ||| Stepping ~*~*~tactically~*~*~ (stealth).
  3545 | D:4      | 3545 ||| Stepping ~*~*~tactically~*~*~ (stealth).
  3583 | D:4      | 3583 ||| Stepping ~*~*~tactically~*~*~ (stealth).
  3588 | D:4      | 3588 ||| Stepping ~*~*~tactically~*~*~ (stealth).
  3589 | D:4      | 3589 ||| Stepping ~*~*~tactically~*~*~ (stealth).
  3592 | D:4      | 3592 ||| Stepping ~*~*~tactically~*~*~ (stealth).
  3629 | D:4      | 3629 ||| FLEEEEING.
  3630 | D:4      | 3630 ||| FLEEEEING.
  3631 | D:4      | 3631 ||| FLEEEEING.
  3632 | D:4      | 3632 ||| FLEEEEING.
  3633 | D:4      | 3633 ||| FLEEEEING.
  3634 | D:4      | 3634 ||| FLEEEEING.
  3635 | D:4      | 3635 ||| FLEEEEING.
  3636 | D:4      | 3636 ||| FLEEEEING.
  3637 | D:4      | 3637 ||| FLEEEEING.
  3638 | D:4      | 3638 ||| FLEEEEING.
  3639 | D:4      | 3639 ||| FLEEEEING.
  3640 | D:4      | 3640 ||| FLEEEEING.
  3641 | D:4      | 3641 ||| FLEEEEING.
  3642 | D:4      | 3642 ||| STAIRDANCE
  3689 | D:3      | 3689 ||| READING scroll labelled NOGGYB ACHOL.
  3802 | D:4      | 3802 ||| STAIRDANCE
  3923 | D:4      | 3923 ||| Stepping ~*~*~tactically~*~*~ (stealth).
  3940 | D:4      | 3940 ||| Stepping ~*~*~tactically~*~*~ (stealth).
  3941 | D:4      | 3941 ||| FLEEEEING.
  3948 | D:4      | Reached skill level 3 in Fighting
  3952 | D:4      | HP: 9/37 [gnoll/+0 halberd (6)]
  3952 | D:4      | HP: 4/37 [gnoll/+0 club (5)]
  3952 | D:4      | Slain by a gnoll

Levels and vault maps discovered:
D:1:      heliophobic_arrival_glass_houses, layout_basic
D:2:      layout_basic, dreamdust_ecumenical_altar_grove
D:3:      layout_loops_ring, mainiacjoe_overflow_24_doors
D:4:      cheibrodos_helix_gallery, layout_rooms, serial_shops,
          nicolae_shop_hallway_stairs

Skill      XL: |  1  2  3  4  5  6 |
---------------+-------------------+-----
Axes           | 3 4 5 6 7 |  7.2
Fighting       | 3 |  3.1
Throwing       | |  1.0
Armour         | |  1.1
Dodging        | |  2.1
Spellcasting   | |  2.0
Translocations | |  2.4

Action                   |  1- 3 |  4- 6 || total
-------------------------+-------+-------++-------
Melee: Hand axe          |    97 |   166 ||   263
       Kick              |    16 |    53 ||    69
       Peck              |    10 |    18 ||    28
       Punch             |     2 |     2 ||     4
Throw: Boomerang         |     7 |       ||     7
       Javelin           |       |    12 ||    12
  Use: Scroll            |     1 |     8 ||     9
       Potion            |       |     6 ||     6
Armor: Leather armour    |     9 |       ||     9
       Ring mail         |    24 |    29 ||    53
       Scale mail        |       |    10 ||    10
Dodge: Dodged            |    69 |    85 ||   154

Table legend:
 A = Non-vault XP
 B = Vault XP
 C = Vault XP percentage of total XP
 D = Non-vault monster count
 E = Vault monster count
 F = Vault count percentage of total count
                 A         B        C        D         E       F
            +---------+---------+-------+---------+---------+-------
      Total |     514 |      45 |   8.1 |      89 |       2 |   2.2
            +---------+---------+-------+---------+---------+-------
        D:1 |      36 |       0 |   0.0 |      19 |       0 |   0.0
        D:2 |      54 |       0 |   0.0 |      25 |       0 |   0.0
        D:3 |     112 |       0 |   0.0 |      22 |       0 |   0.0
        D:4 |     312 |      45 |  12.6 |      23 |       2 |   8.0
            +---------+---------+-------+---------+---------+-------
